 Dungeon Crawl Stone Soup version 0.29.0-11-gd7f09526c8 (webtiles) character file.

Game seed: 11039011826397891873

115 elucifer1 the Cudgeller (level 4, -3/40 HPs)
             Began as a Draconian Berserker on Sept 6, 2022.
             Was a Believer of Trog.
             Slain by a gnoll
             ... wielding a +0 spear
              (5 damage)
             ... on level 3 of the Dungeon.
             The game lasted 00:14:50 (1932 turns).

elucifer1 the Cudgeller (Draconian Berserker)       Turns: 1932, Time: 00:14:51

Health: -3/40      AC:  5    Str: 21    XL:     4   Next: 68%
Magic:  4/4        EV: 12    Int:  8    God:    Trog [**....]
Gold:   36         SH:  0    Dex: 10    Spells: 3/3 levels left

rFire   . . .      SeeInvis .   n - +0 short sword (venom)
rCold   . . .      Faith    .   (no shield)
rNeg    . . .      Spirit   .   (body armour unavailable)
rPois   .          Reflect  .   (helmet restricted)
rElec   .          Harm     .   (no cloak)
rCorr   .          Rampage  .   (no gloves)
Will    .....                   (no boots)
Stlth   +.........              (no amulet)
HPRegen 0.13/turn               (no ring)
MPRegen 0.09/turn               (no ring)

@: no status effects
A: AC +5, unfitting armour, cold-blooded
a: Renounce Religion, Berserk, Trog's Hand


You were on level 3 of the Dungeon.
You worshipped Trog.
Trog was pleased with you.
You visited 1 branch of the dungeon, and saw 3 of its levels.

You collected 36 gold pieces.

Inventory:

Hand Weapons
 a - a +0 mace
 h - a +0 club
 j - a +0 shortbow
 n - a +0 short sword of venom (weapon)
Missiles
 f - 9 stones (quivered)
Armour
 g - a +0 robe
 l - a scarf of resistance
Wands
 o - a wand of mindburst (16)
Scrolls
 b - 2 scrolls of noise
 d - a scroll of fog {unknown}
 e - 2 scrolls of identify {unknown}
 i - a scroll of acquirement {unknown}
 m - a scroll of magic mapping {unknown}
Potions
 c - a potion of ambrosia {unknown}
 k - a potion of curing {unknown}
 p - a potion of heal wounds {unknown}


   Skills:
 + Level 3.8 Fighting
 + Level 4.0 Maces & Flails
 + Level 3.9 Dodging
 + Level 0.3 Stealth


You had 3 spell levels left.
You didn't know any spells.
Your spell library was empty.

Dungeon Overview and Level Annotations

Branches:
Dungeon (3/15)

Altars:


Innate Abilities, Weirdness & Mutations

Your plain brown scales are hard. (AC +5)
You cannot fit into any form of body armour.
You are cold-blooded and may be slowed by cold attacks.


Message History

The giant cockroach is severely wounded.
You kill the giant cockroach!
Trog accepts your kill. 2 gnolls come into view.
The gnoll shouts! x2
An endoplasm comes into view.
A gnoll comes into view. It is wielding a +0 flail.
There is a stone staircase leading down here.
The gnoll shouts!
A gnoll comes into view. It is wielding a +0 whip.
Found 3 gold pieces.
The endoplasm quivers.
An adder comes into view.
The gnoll hits you from afar with a +0 halberd.
The gnoll hits you from afar with a +0 spear.
A ball python comes into view.
The gnoll closely misses you. The gnoll hits you but does no damage.
The ball python hisses angrily.
The adder hisses angrily.
The gnoll shouts!
You hit the gnoll.
Your tail-slap misses the gnoll.
The gnoll is moderately wounded.
The gnoll hits you with a +0 halberd. The gnoll misses you.
The gnoll closely misses you.
You hit the endoplasm but do no damage. The gnoll hits you with a +0 halberd.
The gnoll hits you with a +0 spear. The gnoll hits you with a +0 flail!
* * * LOW HITPOINT WARNING * * *
The endoplasm hits you.
* * * LOW HITPOINT WARNING * * *
You hit the endoplasm.
The endoplasm is poisoned.
You tail-slap the endoplasm.
The endoplasm is severely wounded.
You kill the endoplasm!
Trog accepts your kill. The gnoll misses you. The gnoll closely misses you.
The gnoll barely misses you. The gnoll misses you.
The gnoll hits you with a +0 flail.
* * * LOW HITPOINT WARNING * * *
The gnoll hits you with a +0 spear.
* * * LOW HITPOINT WARNING * * *
The gnoll closely misses you.
The gnoll hits you from afar with a +0 spear.
You die...

#....#.....#
#....#.#.#.#
+......#.#.#
#....###.#.#
#....###.#.#
#........#.#
#........#.#
#.....>..#.#
###.....@.g#
#.....SggS.....
.....##...g......
####.##..........
..............
##.#.##..####..
#.#. 8..8 . #.
..$..


You could see 4 gnolls, an adder and a ball python.

Vanquished Creatures
  An orc priest (D:3)
  An iguana (D:2)
  An adder (D:2)
  A dart slug (D:1)
  2 orcs (D:3)
  4 endoplasms
  4 giant cockroaches
  5 goblins
  4 hobgoblins
  2 kobolds
  3 quokkas
  4 ball pythons
  7 bats
  2 frilled lizards
  3 rats (D:1)
44 creatures vanquished.

Notes
Turn   | Place    | Note
-------+----------+-------------------------------------------
     0 | D:1      | elucifer1 the Draconian Berserker began the quest for the
                  | Orb.
     0 | D:1      | Reached XP level 1. HP: 19/19 MP: 1/1
   484 | D:1      | Reached XP level 2. HP: 21/26 MP: 2/2
  1010 | D:2      | Reached XP level 3. HP: 15/33 MP: 3/3
  1250 | D:2      | Reached ** piety under Trog
  1282 | D:2      | Reached XP level 4. HP: 16/40 MP: 4/4
  1299 | D:2      | Identified the +5 whip of Ragnarok {antimagic, rElec rF++}
  1672 | D:3      | Reached skill level 4 in Maces & Flails
  1931 | D:3      | HP: 2/40 [gnoll/+0 spear (2)]
  1932 | D:3      | Slain by a gnoll

Illustrated notes

Levels and vault maps discovered:
D:1:      lemuel_arrival_behind_the_door_large, layout_loops_corners,
          chequers_serial_rivers_marsh
D:2:      layout_loops_ring
D:3:      layout_basic, nemelex_xobeh_ov_fountains_minmay,
          shapermc_ecumenical_altar_pompeii, st_stairs_6

Skill      XL: |  1  2  3  4 |
---------------+-------------+-----
Dodging        | 3 |  3.9
Maces & Flails | 4 |  4.0
Fighting       | |  3.8
Stealth        | |  0.3

Action                   |  1- 3 |  4- 6 || total
-------------------------+-------+-------++-------
Melee: Mace              |    91 |     8 ||    99
       Tailslap          |     4 |     3 ||     7
       Short sword       |       |    26 ||    26
  Use: Scroll            |       |     2 ||     2
 Stab: Sleeping          |       |     1 ||     1
Armor: Skin              |    59 |    15 ||    74
Dodge: Dodged            |    99 |    27 ||   126
